 Dungeon Crawl Stone Soup version 0.25-a0-294-gea9b1ad378 (webtiles) character file.

Game seed: 13712400975168696963, levelgen mode: deterministic

99420 Gargoyl the Cleaver (level 15, -4/138 HPs)
             Began as a Centaur Abyssal Knight on Dec 17, 2019.
             Was the Champion of Lugonu.
             Killed from afar by a fire dragon (38 damage)
             ... with a blast of flame
             ... on level 15 of the Dungeon on Dec 18, 2019.
             The game lasted 00:47:26 (31395 turns).

Gargoyl the Cleaver (Centaur Abyssal Knight)       Turns: 31395, Time: 00:47:26

Health: -4/138     AC: 28    Str: 29    XL:     15   Next: 77%
Magic:  24/24      EV:  8    Int: 11    God:    Lugonu [******]
Gold:   1390       SH: 15    Dex: 14    Spells: 14/14 levels left

rFire    . . .     SeeInvis .   I - +4 war axe (elec)
rCold    . . .     Gourm    .   P - +0 shield
rNeg     . . .     Faith    .   q - +5 chain mail {MR+}
rPois    .         Spirit   .   (helmet restricted)
rElec    .         Reflect  +   v - +1 cloak
rCorr    .         Harm     .   h - +2 pair of gloves
MR       ++...                  Q - +0 centaur barding
Stlth    ..........             r - +5 amulet of reflection
HPRegen  0.33/turn              y - ring "Tiloeb" {Str+5 Dex+4}
MPRegen  0.19/turn              H - +6 ring of strength

@: studying Bows, very quick
A: large, hooves 3, horns 1, clumsy 1, deformed body, speed 2, robust 1, tough
skin 3
a: Depart the Abyss, Bend Space, Banish, Corrupt, Enter the Abyss, Brand Weapon
With Distortion, Renounce Religion


You were on level 15 of the Dungeon.
You worshipped Lugonu.
Lugonu was exalted by your worship.
You were hungry.

You visited 2 branches of the dungeon, and saw 21 of its levels.
You visited the Abyss 3 times.
You also visited: Gauntlet.

You collected 1617 gold pieces.
You spent 227 gold pieces at shops.

Inventory:

Hand Weapons
 I - a +4 war axe of electrocution (weapon)
 L - a +1 hand axe of flaming
 O - the +4 flail of Courage {speed, rPois rF+ rN++}
   (You found it on level 3 of the Lair of Beasts)

   Attacks with this weapon are significantly faster.
   It protects you from fire.
   It protects you from poison.
   It greatly protects you from negative energy.
 X - a +2 broad axe of chopping
Missiles
 z - 5 silver boomerangs
 U - 15 javelins (quivered)
Armour
 h - a +2 pair of gloves (worn)
 q - a +5 chain mail of magic resistance (worn)
 v - a +1 cloak (worn)
 M - a +2 helmet of intelligence
 P - a +0 shield (worn)
 Q - a +0 centaur barding (worn)
Jewellery
 r - a +5 amulet of reflection (around neck)
 s - a +3 ring of protection
 y - the ring "Tiloeb" (left hand) {Str+5 Dex+4}
   (You found it on level 7 of the Dungeon)

   [ring of strength]

   It affects your strength (+5).
   It affects your dexterity (+4).
 D - an uncursed ring of flight
 H - a +6 ring of strength (right hand)
 Y - the ring of Ebriro {+Inv MR+}
   (You found it in a Gauntlet)

   [ring of protection from magic]

   It affects your resistance to hostile enchantments.
   It lets you turn invisible.
Wands
 a - a wand of acid (15)
 f - a wand of digging (19)
 i - a wand of clouds (7)
 k - a wand of polymorph (21)
 n - a wand of random effects (15)
 w - a wand of iceblast (31)
 A - a wand of paralysis (12)
 J - a wand of flame (22)
 K - a wand of disintegration (21)
Scrolls
 b - 9 scrolls of teleportation
 o - 5 scrolls of identify
 p - 5 scrolls of fear
 t - 9 scrolls of remove curse
 B - 2 scrolls of fog
 N - a scroll of blinking
 R - 3 scrolls of magic mapping
Potions
 d - a potion of ambrosia
 e - 3 potions of cancellation
 g - 9 potions of haste
 j - 3 potions of brilliance
 l - 6 potions of curing
 m - 3 potions of heal wounds
 u - a potion of might
 x - a potion of invisibility
 C - 4 potions of berserk rage
 F - 3 potions of magic
 G - 6 potions of flight
Books
 Z - a manual of Bows
Comestibles
 c - 55 rations


   Skills:
 + Level 10.0 Fighting
 + Level 13.9 Axes
 + Level 1.5 Throwing
 * Level 11.9 Armour
 * Level 8.6 Dodging
 + Level 3.8 Shields
 * Level 12.5 Invocations


You had 14 spell levels left.
You didn't know any spells.
Your spell library contained the following spells:

 Spells                   Type           Power        Failure   Level  Hunger
 Animate Skeleton         Necr           N/A          99%         1    ##.....
 Apportation              Tloc           #.....       99%         1    ##.....
 Confusing Touch          Hex            #.....       99%         1    ##.....
 Foxfire                  Conj/Fire      #...         99%         1    ##.....
 Magic Dart               Conj           #...         99%         1    ##.....
 Shock                    Conj/Air       #...         99%         1    ##.....
 Sting                    Tmut/Pois      #...         99%         1    ##.....
 Summon Small Mammal      Summ           #...         99%         1    ##.....
 Blink                    Tloc           N/A          99%         2    ###....
 Call Imp                 Summ           #.......     99%         2    ###....
 Poisonous Vapours        Pois/Air       #.....       99%         2    ###....
 Searing Ray              Conj           #.....       99%         2    ###....
 Shroud of Golubria       Chrm/Tloc      #.....       99%         2    ###....
 Slow                     Hex            #.......     99%         2    ###....
 Swiftness                Chrm/Air       #.......     99%         2    ###....
 Confuse                  Hex            #.......     100%        3    ####...
 Conjure Flame            Conj/Fire      #.......     100%        3    ####...
 Dazzling Flash           Conj/Hex       #.....       100%        3    ####...
 Gell's Gravitas          Tloc           #.........   100%        3    ####...
 Ignite Poison            Fire/Tmut/Pois #.......     100%        3    ####...
 Inner Flame              Hex/Fire       #.......     100%        3    ####...
 Mephitic Cloud           Conj/Pois/Air  #.......     100%        3    ####...
 Spider Form              Tmut/Pois      #.........   100%        3    ####...
 Static Discharge         Conj/Air       #.......     100%        3    ####...
 Airstrike                Air            #.........   100%        4    #####..
 Fulminant Prism          Conj/Hex       #.........   100%        4    #####..
 Iskenderun's Mystic Bla  Conj/Tloc      #.......     100%        4    #####..
 Olgreb's Toxic Radiance  Pois           #.......     100%        4    #####..
 Petrify                  Tmut/Erth      #.......     100%        4    #####..
 Sticky Flame             Conj/Fire      #.......     100%        4    #####..
 Alistair's Intoxication  Tmut/Pois      #.......     100%        5    ######.
 Blade Hands              Tmut           #.........   100%        5    ######.
 Fireball                 Conj/Fire      #.........   100%        5    ######.
 Lightning Bolt           Conj/Air       #.........   100%        5    ######.
 Metabolic Englaciation   Hex/Ice        #.........   100%        5    ######.
 Yara's Violent Unravell  Hex/Tmut       #.........   100%        5    ######.
 Freezing Cloud           Conj/Ice/Air   #.........   100%        6    #######
 Starburst                Conj/Fire      #.........   100%        6    #######
 Ring of Flames           Chrm/Fire      #.........   100%        7    #######
 Ignition                 Fire           #.........   100%        8    #######


Dungeon Overview and Level Annotations

Branches:
Dungeon (15/15)            Temple (0/1) D:7            Lair (6/6) D:11
  Swamp (0/4) Lair:2       Spider (0/4) Lair:4        Slime (0/5) Lair:5
    Orc (0/2) D:9          Vaults (0/5) D:14        Gauntlet (visited)
 Depths: D:15

Altars:
Elyvilon
Nemelex Xobeh
Trog
Yredelemnul

Shops:
D:9 (


Innate Abilities, Weirdness & Mutations

You have hooves in place of feet.
Armour fits poorly on your strangely shaped body.
You cover ground very quickly.
You have extremely tough skin. (AC +3)
You have a pair of small horns on your head.
You are clumsy. (Dex -2)
You are robust. (+10% HP)


Message History

The blast of flame hits you.
* * * LOW HITPOINT WARNING * * *
You feel much better.
The fire dragon bites you but does no damage.
The fire dragon claws you but does no damage.
The fire dragon tramples you.
* * * LOW HITPOINT WARNING * * *
You hold your ground!
Unknown command.
You slash the fire dragon!
You kick the fire dragon, but do no damage.
Your headbutt misses the fire dragon.
The fire dragon is severely wounded.
You block the fire dragon's attack. x2
The fire dragon tramples you but does no damage.
You closely miss the fire dragon. Your kick misses the fire dragon.
The fire dragon is severely wounded.
The fire dragon breathes flames at you. The blast of flame hits you!!!
You die...

######.####...... ##
#####...#####.## ##.
.##...#......... #$.
.$###...####.### #$.
.$#...### #.# #$. .$#####
#.# #. #$? .$# #.# #.
#..#D.# #.# #. #.@.# #.#
####.####.####### #.#
......##.#.....######.###
##......#...............
#
#..(.8..#......###.#....
#.#.#()..##....)# #.#.###
#.#.##(.###.....####
#..## #......##
#.....(.##.##.## ###.####
#.#####<##......


You could see a fire dragon.

Vanquished Creatures
  Jorgrun (D:14)
  Rupert (Lair:3)
  Gastronok (Lair:2)
  A reaper (Gauntlet)
  A minotaur (Gauntlet)
  2 ettins
  Josephine (D:12)
  5 vault guards (D:14)
  A fire dragon (D:15)
  A rakshasa (D:15)
  Fannar (Lair:3)
  6 hydras
  An ice dragon (D:15)
  7 centaur warriors
  Erica (D:10)
  5 death yaks
  An ogre mage (D:14)
  A deep troll earth mage (D:14)
  4 tengu warriors
  3 two-headed ogres
  3 skeletal warriors (D:13)
  An unseen horror (D:15)
  3 wizards
  A wolf spider zombie (D:15)
  Pikel (D:4)
  A cyclops (D:13)
  4 ugly things
  6 slime creatures
  2 manticores
  A centaur zombie (D:15)
  5 black mambas
  13 spiny frogs
  4 gargoyles
  A rime drake (Lair:6)
  A kobold demonologist (D:15)
  4 yaktaurs (D:14)
  9 komodo dragons
  4 trolls
  3 tengu conjurers
  A jumping spider (shapeshifter) (D:14)
  3 meliai
  A queen bee (Lair:6)
  7 polar bears
  17 blink frogs
  8 hornets
  A meliai zombie (D:15)
  A dream sheep (Lair:6)
  11 hippogriffs
  Sigmund (D:4)
  A shadow (D:12)
  A vampire (D:11)
  19 spriggans
  7 wraiths
  58 yaks
  3 wyverns
  A human (D:7)
  3 hogs (D:7)
  Eustachio (D:5)
  4 vampire mosquitoes (D:15)
  3 basilisks
  A hungry ghost (D:13)
  Menkaure (D:3)
  Edmund (D:6)
  4 acid dragons
  10 porcupines
  13 water moccasins
  A hornet zombie (D:13)
  3 phantoms
  3 sky beasts
  5 orc warriors
  4 black bears
  4 ice beasts
  7 ogres
  3 necrophages
  A small abomination (Abyss:1)
  12 centaurs
  38 wolves
  3 boggarts (Lair:6)
  13 crocodiles
  3 big kobolds
  14 bullfrogs
  A wyvern skeleton (D:13)
  6 scorpions
  6 wights
  20 killer bees
  7 howler monkeys
  3 electric eels
  6 crimson imps
  A bullfrog zombie (D:12)
  2 bullfrog skeletons (D:4)
  9 hounds
  10 jellies
  11 orc priests
  3 iguanas
  18 orc wizards
  Crazy Yiuf (D:6)
  5 centaur skeletons
  Jessica (D:3)
  Ijyb (D:3)
  16 worker ants
  Natasha (twice) (D:4)
  A worker ant (shapeshifter) (D:15)
  A hound skeleton (D:7)
  16 adders
  11 gnolls
  8 shadow imps
  4 oozes
  2 adder zombies
  3 adder skeletons
  6 worms
  5 dart slugs
  12 leopard geckos
  49 orcs
  3 ball pythons
  9 giant cockroaches
  13 hobgoblins
  18 jackals
  4 quokkas
  10 bats
  4 frilled lizards
  A giant cockroach zombie (D:5)
  7 goblins
  A jackal skeleton (D:6)
  A jackal zombie (D:8)
  26 kobolds
  A leopard gecko zombie (D:5)
  10 rats
  A fungus (Lair:5)
  3 plants
767 creatures vanquished.

Vanquished Creatures (others)
  A reaper (Gauntlet)
  An entropy weaver (Gauntlet)
  A hydra (D:11)
  The ghost of Ytwekypsa the Grappler, a novice TrFi of Okawaru (D:10)
  A catoblepas (Gauntlet)
  Sonja (D:10)
  A death drake (Gauntlet)
  2 spectral centaurs (Gauntlet)
  A centaur zombie (Gauntlet)
  A black mamba (Lair:3)
  A spiny frog (Lair:3)
  2 hellwings (Gauntlet)
  2 jumping spiders (Gauntlet)
  3 meliai
  An orc warrior (D:14)
  2 centaurs (Lair:4)
  An orc priest (D:4)
  An orc wizard (D:4)
  Natasha (D:4)
  A shadow imp (Gauntlet)
  3 orcs (D:4)
  A bush (Lair:1)
  6 fungi
  18 plants
54 creatures vanquished.

Grand Total: 821 creatures vanquished

Notes
Turn   | Place    | Note
-------+----------+-------------------------------------------
     0 | Abyss:1  | Gargoyl the Centaur Abyssal Knight began the quest for the
                  | Orb.
     0 | Abyss:1  | Reached XP level 1. HP: 19/19 MP: 2/2
   123 | Abyss:2  | Noticed a small abomination
   124 | D:1      | Escaped the Abyss
   198 | D:1      | Reached XP level 2. HP: 19/26 MP: 3/3
   203 | D:1      | Reached * piety under Lugonu
   477 | D:1      | Reached skill level 1 in Dodging
   973 | D:1      | Reached skill level 2 in Axes
   973 | D:1      | Reached XP level 3. HP: 27/31 MP: 4/4
  1206 | D:1      | Reached ** piety under Lugonu
  1857 | D:2      | Reached XP level 4. HP: 35/38 MP: 5/5
  2567 | D:2      | Found a sparkling altar of Nemelex Xobeh.
  2585 | D:2      | Reached XP level 5. HP: 40/46 MP: 7/7
  2823 | D:3      | Reached *** piety under Lugonu
  2906 | D:3      | Reached skill level 3 in Axes
  3011 | D:3      | Noticed Jessica
  3021 | D:3      | Killed Jessica
  3192 | D:3      | Reached XP level 6. HP: 47/52 MP: 8/8
  3240 | D:3      | Found a faded altar of an unknown god.
  3283 | D:3      | Noticed a water moccasin
  3294 | D:3      | Noticed Ijyb
  3645 | D:3      | You fall into a shaft and drop 2 floors!
  3645 | D:5      | Entered Level 5 of the Dungeon
  3738 | D:3      | Killed a water moccasin
  3956 | D:3      | Killed Ijyb
  4055 | D:4      | Noticed Menkaure
  4186 | D:3      | Killed Menkaure
  4186 | D:3      | Reached XP level 7. HP: 24/59 MP: 9/9
  4395 | D:4      | Reached skill level 4 in Axes
  4980 | D:4      | Reached **** piety under Lugonu
  5266 | D:4      | Noticed Natasha
  5267 | D:4      | Noticed Pikel
  5272 | D:4      | Killed Natasha
  5272 | D:4      | Reached XP level 8. HP: 54/66 MP: 11/11
  5290 | D:4      | Killed Pikel
  5457 | D:4      | Reached skill level 5 in Armour
  5520 | D:4      | Noticed Sigmund
  5531 | D:4      | Killed Sigmund
  5531 | D:4      | Reached skill level 5 in Axes
  5585 | D:4      | Found a bloodstained altar of Trog.
  5653 | D:4      | Noticed Natasha
  5659 | D:4      | Killed Natasha
  5850 | D:4      | Noticed Natasha
  5861 | D:4      | Killed Natasha
  6115 | D:5      | Reached skill level 5 in Invocations
  6234 | D:5      | Noticed Eustachio
  6454 | D:5      | Killed Eustachio
  6454 | D:5      | Reached XP level 9. HP: 45/73 MP: 12/12
  7404 | D:6      | Found a runed translucent door.
  7405 | D:6      | Noticed Crazy Yiuf
  7598 | D:6      | Reached skill level 5 in Fighting
  7679 | D:6      | Found a white marble altar of Elyvilon.
  7847 | D:6      | Reached skill level 6 in Axes
  7865 | D:6      | Reached ***** piety under Lugonu
  8007 | D:6      | Noticed Edmund
  8016 | D:6      | Killed Edmund
  8291 | D:6      | Killed Crazy Yiuf
  8482 | D:7      | Got an ancient lead ring
  8483 | D:7      | Identified the ring "Tiloeb" {Str+5 Dex+4} (You found it on
                  | level 7 of the Dungeon)
  8567 | D:7      | Found a staircase to the Ecumenical Temple.
  8829 | D:7      | Reached XP level 10. HP: 65/81 MP: 14/14
  9090 | D:7      | Reached skill level 7 in Axes
 10090 | D:9      | Found a staircase to the Orcish Mines.
 10107 | D:9      | Cast into level 1 of the Abyss (orc)
 10156 | Abyss:1  | Noticed a starcursed mass
 10178 | Abyss:1  | Noticed a large abomination
 10183 | Abyss:1  | Found a bloodstained altar of Trog.
 10243 | D:9      | Escaped the Abyss
 10648 | D:9      | Found Maitz's Weapon Shoppe.
 10653 | D:9      | Bought a +2 war axe of electrocution for 227 gold pieces
 10752 | D:10     | Entered Level 10 of the Dungeon
 10902 | D:10     | Noticed a gargoyle
 10907 | D:10     | Killed a gargoyle
 11050 | D:10     | Noticed Sonja
 11061 | D:10     | Killed Sonja
 11418 | D:10     | Noticed a purple ugly thing
 11427 | D:10     | Killed a purple ugly thing
 11427 | D:10     | Reached skill level 8 in Axes
 11586 | D:10     | Found a runed translucent door.
 11587 | D:10     | Identified the +4 spear of the Mind {antimagic, Dex+4}
 11587 | D:10     | Noticed a spriggan rider
 11588 | D:10     | Noticed Ytwekypsa's ghost (novice TrFi)
 11609 | D:10     | Banished Ytwekypsa's ghost
 11621 | D:10     | Reached XP level 11. HP: 46/89 MP: 4/16
 11977 | D:10     | Noticed Erica
 11987 | D:10     | Killed Erica
 11987 | D:10     | Reached skill level 5 in Dodging
 12326 | D:11     | Reached skill level 9 in Axes
 12345 | D:11     | Found a staircase to the Lair.
 12525 | D:11     | Noticed a six-headed hydra
 12533 | D:11     | Banished a seven-headed hydra
 13243 | D:11     | Noticed a white ugly thing
 13277 | D:11     | Killed a white ugly thing
 13658 | Lair:1   | Entered Level 1 of the Lair of Beasts
 14315 | Lair:1   | Reached XP level 12. HP: 55/100 MP: 18/18
 14625 | Lair:1   | Reached skill level 10 in Axes
 14737 | Lair:1   | Noticed a six-headed hydra
 14748 | Lair:1   | Killed a one-headed hydra
 15164 | Lair:2   | Found a staircase to the Swamp.
 15741 | Lair:2   | Noticed Gastronok
 15765 | Lair:2   | Killed Gastronok
 16694 | Lair:3   | Reached skill level 11 in Axes
 17076 | Lair:3   | Got a crude flail
 17077 | Lair:3   | Identified the +4 flail of Courage {speed, rPois rF+ rN++}
                  | (You found it on level 3 of the Lair of Beasts)
 17109 | Lair:3   | Noticed Fannar
 17135 | Lair:3   | Killed Fannar
 18126 | Lair:3   | Reached XP level 13. HP: 107/107 MP: 20/20
 18606 | Lair:4   | Found a hole to the Spider Nest.
 19018 | Lair:4   | Noticed Rupert
 19095 | Lair:3   | Killed Rupert
 19095 | Lair:3   | Reached skill level 1 in Throwing
 19095 | Lair:3   | Reached skill level 10 in Armour
 19095 | Lair:3   | Reached skill level 10 in Invocations
 19567 | Lair:4   | Found a basalt altar of Yredelemnul.
 19898 | Lair:5   | Reached ****** piety under Lugonu
 20317 | Lair:5   | Gained mutation: You have supernaturally acute eyesight.
                  | (SInv) [potion of mutation]
 20317 | Lair:5   | Gained mutation: You have a pair of small antennae on your
                  | head. [potion of mutation]
 20317 | Lair:5   | Gained mutation: Your spells are a little harder to cast,
                  | but a little more powerful. [potion of mutation]
 20336 | Lair:5   | Found a staircase to the Slime Pits.
 20346 | Lair:5   | Reached skill level 12 in Axes
 20860 | Lair:6   | Entered Level 6 of the Lair of Beasts
 22762 | Lair:6   | Reached XP level 14. HP: 107/116 MP: 22/22
 23965 | Lair:6   | Reached skill level 1 in Shields
 24467 | Lair:6   | Escaped the Abyss
 25535 | D:12     | Noticed Josephine
 25567 | D:12     | Killed Josephine
 25909 | D:12     | Lost mutation: Your spells are a little harder to cast, but
                  | a little more powerful. [potion of mutation]
 25909 | D:12     | Lost mutation: You have a pair of small antennae on your
                  | head. [potion of mutation]
 25909 | D:12     | Gained mutation: You have a pair of small horns on your
                  | head. [potion of mutation]
 25909 | D:12     | Gained mutation: You are clumsy. (Dex -2) [potion of
                  | mutation]
 25909 | D:12     | Gained mutation: You are somewhat resistant to further
                  | mutation. [potion of mutation]
 26434 | D:13     | Reached skill level 13 in Axes
 26773 | D:13     | Got a polished ring mail
 26774 | D:13     | Identified the +5 ring mail of Contentment {rF+ Slay+2
                  | SInv} (You found it on level 13 of the Dungeon)
 26997 | D:13     | Found a gate leading to a gauntlet.
 27008 | Gauntlet | Entered a Gauntlet
 27008 | Gauntlet | Found a runed translucent door.
 27008 | Gauntlet | Found a transporter.
 27008 | Gauntlet | Found a runed translucent door.
 27017 | Gauntlet | Found a transporter.
 27019 | Gauntlet | Found a transporter.
 27091 | Gauntlet | Found a transporter.
 27108 | Gauntlet | Found a transporter.
 27111 | Gauntlet | Found a transporter.
 27118 | Gauntlet | Found a transporter.
 27136 | Gauntlet | Found a transporter.
 27136 | Gauntlet | Noticed a reaper
 27146 | Gauntlet | Found a transporter.
 27157 | Gauntlet | Corrupted Gauntlet
 27181 | Gauntlet | Killed a reaper
 27201 | Gauntlet | Killed an entropy weaver
 27255 | Gauntlet | Found a transporter.
 27301 | Gauntlet | Lost mutation: You have supernaturally acute eyesight.
                  | (SInv) [potion of mutation]
 27301 | Gauntlet | Lost mutation: You have a pair of small horns on your head.
                  | [potion of mutation]
 27301 | Gauntlet | Lost mutation: You are somewhat resistant to further
                  | mutation. [potion of mutation]
 27301 | Gauntlet | Lost mutation: You are clumsy. (Dex -2) [potion of
                  | mutation]
 27301 | Gauntlet | Gained mutation: You are clumsy. (Dex -2) [potion of
                  | mutation]
 27301 | Gauntlet | Gained mutation: You have a pair of small horns on your
                  | head. [potion of mutation]
 27301 | Gauntlet | Gained mutation: You are robust. (+10% HP) [potion of
                  | mutation]
 27317 | Gauntlet | Got an ancient wooden ring
 27318 | Gauntlet | Identified the ring of Ebriro {+Inv MR+} (You found it in a
                  | Gauntlet)
 27319 | Gauntlet | Found a transporter.
 27320 | Gauntlet | Noticed a reaper
 27322 | Gauntlet | Found a transporter.
 27334 | Gauntlet | Found a transporter.
 27338 | Gauntlet | Found a runed translucent door.
 27352 | Gauntlet | Found a transporter.
 27432 | Gauntlet | Identified the Disquisition on Shifting Talismans
 27502 | Gauntlet | Killed a reaper
 27795 | D:13     | Reached XP level 15. HP: 132/137 MP: 23/23
 28250 | D:13     | Identified the cursed +1 leather armour of the King {rPois
                  | rC+ rN+}
 28990 | D:14     | Found a gate to the Vaults.
 29876 | D:14     | Noticed Jorgrun
 29886 | D:14     | Killed Jorgrun
 29960 | D:14     | Found a runed translucent door.
 30558 | D:15     | Entered Level 15 of the Dungeon
 31281 | D:15     | Reached skill level 10 in Fighting
 31395 | D:15     | Killed from afar by a fire dragon

Levels and vault maps discovered:
D:1:      dpeg_arrival_tiny_a, layout_basic, chequers_serial_rivers_micro_b
D:2:      layout_loops_ring, nemelex_xobeh_ov_fountains_minmay,
          kennysheep_generic_room_6
D:3:      layout_rooms, chequers_ecumenical_altar_grove, uniq_jessica, uniq_ijyb
D:4:      minmay_thinvault, layout_cave_pools, first_ration,
          minmay_misc_feat_encased, trog_hazing_becter, uniq_sigmund,
          uniq_menkaure, uniq_pikel, uniq_natasha
D:5:      layout_basic, gup_sewer_entry_glass, chequers_serial_rivers_micro_c,
          uniq_eustachio
D:6:      layout_loops_corners, kennysheep_flooded_box, minmay_bent,
          uniq_crazy_yiuf_cottage, uniq_edmund
D:7:      layout_loops_ring, minmay_temple_entry_statues_pillars,
          grunt_livestock
D:8:      layout_loops_ring
D:9:      layout_irregular_city, david_orc_3, serial_shops,
          kennysheep_little_box
D:10:     layout_gridville, ebering_ghost_funeral_grove, uniq_sonja, uniq_erica
D:11:     layout_loops_ring, lair_entry_dummy
D:12:     layout_roguey, uniq_josephine
D:13:     layout_gridville, gauntlet_entry_generic
D:14:     layout_roguey, grunt_vaults_entry_fortified, patterned_corridor,
          kennysheep_treasure_room, uniq_jorgrun
D:15:     grunt_enter_depths_hoard, layout_loops_cross
Lair:1:   layout_misc_corridors
Lair:2:   layout_roguey, swamp_mist_pool, uniq_gastronok
Lair:3:   layout_chaotic_city, serial_bayou, serial_bayou_crossing,
          serial_bayou_pond_a, serial_bayou_pond_b, serial_bayou_pond_e,
          beast_lair_carwin_7, uniq_fannar
Lair:4:   layout_cave_pods, nicolae_spider_entry_non_spiders,
          lemuel_centaur_altar, grunt_megastairs_2, uniq_rupert
Lair:5:   layout_regular_city, nicolae_slime_entry_slimehenge
Lair:6:   minmay_lair_end_enchanted_forest, layout_cave_pods, special_room
          [special_room_bee], lemuel_fruit_tree, grunt_megastairs_5

Skill      XL: |  1  2  3  4  5  6  7  8  9 10 11 12 13 14 15 |
---------------+----------------------------------------------+-----
Dodging        | 1 2 3 4 5 6 7 8 |  8.6
Axes           | 2 3 4 5 6 8 9 11 12 13 | 13.9
Armour         | 2 3 4 5 6 7 8 9 10 11 | 11.9
Invocations    | 3 4 5 6 7 8 9 10 11 12 | 12.5
Fighting       | 4 5 6 7 8 9 10 | 10.0
Throwing       | 1 |  1.5
Shields        | 2 3 |  3.8

Action                   |  1- 3 |  4- 6 |  7- 9 | 10-12 | 13-15 || total
-------------------------+-------+-------+-------+-------+-------++-------
Melee: Hand axe          |   115 |   181 |   323 |    84 |    39 ||   742
       Kick              |    19 |    30 |    78 |   199 |   435 ||   761
       War axe           |       |       |       |   447 |   980 ||  1427
       Headbutt          |       |       |       |       |   114 ||   114
Throw: Boomerang         |       |       |       |     6 |     9 ||    15
       Javelin           |       |       |       |       |     1 ||     1
Invok: Depart the Abyss  |     1 |       |       |     1 |     1 ||     3
       Banish            |       |       |       |     4 |     3 ||     7
       Bend Space        |       |       |       |       |     1 ||     1
       Corrupt           |       |       |       |       |     1 ||     1
       Enter the Abyss   |       |       |       |       |     1 ||     1
  Use: Scroll            |     6 |     9 |     9 |     9 |    21 ||    54
       Potion            |     2 |       |       |     3 |    10 ||    15
  Eat: Chunk             |     2 |     7 |     9 |    27 |    23 ||    68
       Ration            |       |       |     1 |       |     5 ||     6
Armor: Scale mail        |    73 |   107 |       |       |       ||   180
       Chain mail        |       |    11 |   203 |   332 |   726 ||  1272
Dodge: Dodged            |    40 |    95 |    82 |   193 |   418 ||   828
Block: Other             |       |       |    31 |    96 |   137 ||   264
       Reflection        |       |       |       |     5 |    36 ||    41
       Buckler           |       |       |       |       |   221 ||   221
       Shield            |       |       |       |       |   145 ||   145

Table legend:
 A = Non-vault XP
 B = Vault XP
 C = Vault XP percentage of total XP
 D = Non-vault monster count
 E = Vault monster count
 F = Vault count percentage of total count
                 A         B        C        D         E       F
            +---------+---------+-------+---------+---------+-------
      Total |   92202 |   49827 |  35.1 |     580 |     194 |  25.1
            +---------+---------+-------+---------+---------+-------
        D:1 |      60 |       0 |   0.0 |      35 |       0 |   0.0
        D:2 |     166 |       1 |   0.6 |      38 |       1 |   2.6
        D:3 |     333 |     242 |  42.1 |      31 |       3 |   8.8
        D:4 |     442 |    1270 |  74.2 |      19 |      22 |  53.7
        D:5 |     581 |     219 |  27.4 |      23 |       5 |  17.9
        D:6 |     723 |     231 |  24.2 |      21 |       6 |  22.2
        D:7 |     370 |     989 |  72.8 |      17 |       5 |  22.7
        D:8 |     624 |       0 |   0.0 |      15 |       0 |   0.0
        D:9 |     489 |     133 |  21.4 |      10 |       6 |  37.5
       D:10 |    3537 |    2156 |  37.9 |      30 |       6 |  16.7
       D:11 |    4282 |       0 |   0.0 |      40 |       0 |   0.0
       D:12 |    5772 |    2139 |  27.0 |      15 |       6 |  28.6
       D:13 |   11856 |    1142 |   8.8 |      47 |       1 |   2.1
       D:14 |    5330 |   12660 |  70.4 |      33 |      13 |  28.3
       D:15 |   14708 |     958 |   6.1 |      32 |       1 |   3.0
     Lair:1 |    6962 |       0 |   0.0 |      28 |       0 |   0.0
     Lair:2 |    4605 |    2224 |  32.6 |      23 |       1 |   4.2
     Lair:3 |    4574 |    6798 |  59.8 |      17 |      15 |  46.9
     Lair:4 |    4683 |    1702 |  26.7 |      18 |      17 |  48.6
     Lair:5 |    9331 |     729 |   7.2 |      29 |      10 |  25.6
     Lair:6 |   12077 |   11346 |  48.4 |      56 |      64 |  53.3
    Abyss:1 |     161 |       0 |   0.0 |       2 |       0 |   0.0
   Gauntlet |     536 |    4888 |  90.1 |       1 |      12 |  92.3
            +---------+---------+-------+---------+---------+-------
